 Dungeon Crawl Stone Soup version 0.25.0-11-g1f837a76a1 (webtiles) character file.

Game seed: 4763983082388354158

8933 Dirian the Carver (level 11, 0/95 HPs)
             Began as a Minotaur Fighter on June 24, 2020.
             Asphyxiated
             ... on level 10 of the Dungeon.
             The game lasted 00:26:00 (12409 turns).

Dirian the Carver (Minotaur Fighter)               Turns: 12409, Time: 00:26:01

Health: 0/95       AC: 17    Str: 22    XL:     11   Next: 16%
Magic:  13/13      EV:  6    Int:  5    God:
Gold:   400        SH: 17    Dex: 12    Spells: 10/10 levels left

rFire    + . .     SeeInvis .   a - +1 long sword
rCold    . . .     Gourm    .   c - +1 kite shield
rNeg     . . .     Faith    .   u - +0 chain mail
rPois    .         Spirit   .   (helmet restricted)
rElec    .         Reflect  +   G - +0 cloak
rCorr    .         Harm     .   A - +0 pair of gloves
MR       +....                  y - +2 pair of boots
Stlth    ..........             F - amulet of reflection
HPRegen  0.25/turn              k - ring of protection from fire
MPRegen  0.13/turn              B - ring of protection from magic

@: lethally poisoned (0 -> -30), flying, slowed, very slow
A: retaliatory headbutt, horns 2
a: no special abilities


You were on level 10 of the Dungeon.
You were not hungry.

You visited 2 branches of the dungeon, and saw 11 of its levels.
You also visited: Ossuary.

You collected 660 gold pieces.
You spent 260 gold pieces at shops.

Inventory:

Hand Weapons
 a - a +1 long sword (weapon)
 d - a +2 hand axe of flaming
Armour
 c - a +1 kite shield (worn)
 n - a +0 plate armour
 o - a scarf of repulsion
 u - a +0 chain mail (worn)
 y - a +2 pair of boots (worn)
 A - a +0 pair of gloves (worn)
 G - a +0 cloak (worn)
Jewellery
 k - a ring of protection from fire (left hand)
 s - an uncursed ring of resist corrosion
 B - a ring of protection from magic (right hand)
 F - an amulet of reflection (around neck)
Wands
 b - a wand of enslavement (6)
 f - a wand of iceblast (6)
 v - a wand of flame (3)
 z - a wand of disintegration (7)
Scrolls
 i - 2 scrolls of fog
 p - 3 scrolls of fear
 r - a scroll of identify
 t - 4 scrolls of teleportation
 x - 7 scrolls of remove curse
Potions
 g - 3 potions of curing
 h - 2 potions of haste
 j - a potion of invisibility
 l - 2 potions of ambrosia
 m - 3 potions of magic
 w - 3 potions of heal wounds
 C - 2 potions of lignification
 E - a potion of mutation
Comestibles
 e - 15 rations
 D - 4 chunks of flesh


   Skills:
 + Level 8.8 Fighting
 + Level 14.3 Long Blades
 + Level 8.1 Armour
 + Level 8.1 Shields
 * Level 5.2 Evocations


You had 10 spell levels left.
You didn't know any spells.
Your spell library contained the following spells:

 Spells                   Type           Power        Failure   Level  Hunger
 Animate Skeleton         Necr           N/A          100%        1    ##.....
 Corona                   Hex            #......      100%        1    ##.....
 Pain                     Necr           #...         100%        1    ##.....
 Sting                    Tmut/Pois      #...         100%        1    ##.....
 Poisonous Vapours        Pois/Air       #.....       100%        2    ###....
 Slow                     Hex            #.......     100%        2    ###....
 Ignite Poison            Fire/Tmut/Pois #.......     100%        3    ####...
 Inner Flame              Hex/Fire       #.......     100%        3    ####...
 Mephitic Cloud           Conj/Pois/Air  #.......     100%        3    ####...
 Portal Projectile        Hex/Tloc       #.....       100%        3    ####...
 Vampiric Draining        Necr           #.........   100%        3    ####...
 Animate Dead             Necr           N/A          100%        4    #####..
 Cause Fear               Hex            #.........   100%        4    #####..
 Leda's Liquefaction      Hex/Erth       #.........   100%        4    #####..
 Olgreb's Toxic Radiance  Pois           #.......     100%        4    #####..
 Agony                    Necr           #.......     100%        5    ######.


Dungeon Overview and Level Annotations

Branches:
Dungeon (10/15)            Temple (1/1) D:4            Lair (0/6) D:9
    Orc (0/2) D:9         Ossuary (visited)

Altars:
Ashenzari
Cheibriados
Dithmenos
Elyvilon
Fedhas
Gozag
Hepliaklqana
Kikubaaqudgha
Makhleb
Nemelex Xobeh
Okawaru
Qazlal
Ru
Sif Muna
Trog
Uskayaw
Vehumet
Wu Jian
Xom
Yredelemnul
Zin
The Shining One
Jiyva

Shops:
D:5 !   D:8 %}*%

Annotations:
D:10 Sonja


Innate Abilities, Weirdness & Mutations

You reflexively headbutt those who attack you in melee.
You have a pair of horns on your head.


Message History

* * * LOW HITPOINT WARNING * * *
You feel very sick.
* * * LOW HITPOINT WARNING * * *
You feel very sick.
* * * LOW HITPOINT WARNING * * *
You feel very sick.
* * * LOW HITPOINT WARNING * * *
You feel very sick.
Sonja throws a curare-tipped dart.
You reflect the curare-tipped dart off an invisible shield around you!
The curare-tipped dart barely misses Sonja.
There is an escape hatch in the ceiling here.
You feel very buoyant.
You fly up into the air.
* * * LOW HITPOINT WARNING * * *
You feel very sick.
Sonja throws a curare-tipped dart.
The curare-tipped dart hits you.
You are more poisoned.
You have difficulty breathing.
You die...

#.# #.# #.##### #######.##
###'#### .......#####........#
#...#... .(.§)..(K..#.(......#
#.#.#.#.
.......###(#........####.#)..#.
....... #............##.#.###÷
....... ###........#.##.#.#...
....... #........#..'.#.#<##
####'## #..@.....####...#... #.
#........# ##+##### #.
##.####### #.# #.÷# #.# ##.#
##.##### #.# #....... #.##
#..>....
######..########.....[.
........................


You could see Sonja.

Vanquished Creatures
  A hydra (D:9)
  Joseph (D:7)
  Maggie (D:7)
  A hornet (D:8)
  2 dream sheep (D:9)
  A shadow (D:9)
  A wraith (D:10)
  5 yaks (D:9)
  Eustachio (D:5)
  3 hungry ghosts
  A hornet zombie (Ossuary)
  4 ice beasts
  A phantom (D:6)
  2 sky beasts
  5 orc warriors
  A necrophage (D:9)
  4 ogres
  4 centaurs
  2 big kobolds (D:9)
  7 bullfrogs
  A gnoll sergeant (D:4)
  A water moccasin zombie (Ossuary)
  A scorpion (D:9)
  A howler monkey (D:6)
  2 vampire bats (D:9)
  5 crimson imps
  3 bullfrog zombies
  A centaur zombie (Ossuary)
  3 jellies
  A quasit (D:8)
  5 hounds
  Crazy Yiuf (D:6)
  2 bullfrog skeletons (D:8)
  4 gnoll shamans (D:5)
  7 orc priests
  A centaur skeleton (D:4)
  13 orc wizards
  Ijyb (D:4)
  Terence (D:2)
  4 iguanas
  3 hell rats (D:7)
  2 worker ants
  A killer bee zombie (D:9)
  7 hound zombies
  3 worker ant zombies
  2 howler monkey zombies
  11 mummies (Ossuary)
  31 gnolls (D:5)
  11 adders
  4 river rats (D:7)
  4 shadow imps
  An ooze (D:1)
  3 adder zombies
  4 worms
  2 dart slugs (D:1)
  6 leopard geckos
  25 orcs
  4 ball pythons
  2 bat skeletons (D:9)
  3 bat zombies (D:9)
  7 giant cockroaches
  9 goblins
  8 hobgoblins
  41 jackals
  7 quokkas
  6 bats (D:1)
  4 frilled lizards
  A giant cockroach zombie (Ossuary)
  2 jackal zombies (Ossuary)
  2 kobolds
  A leopard gecko skeleton (D:4)
  2 leopard gecko zombies (Ossuary)
  3 quokka zombies
  19 rats
  A withered plant (Ossuary)
348 creatures vanquished.

Vanquished Creatures (collateral kills)
  A big kobold (D:9)
1 creature vanquished.

Vanquished Creatures (others)
  An orc wizard (D:10)
  A quokka (D:9)
  2 plants (D:9)
  2 withered plants (Ossuary)
6 creatures vanquished.

Grand Total: 355 creatures vanquished

Notes
Turn   | Place    | Note
-------+----------+-------------------------------------------
     0 | D:1      | Dirian the Minotaur Fighter began the quest for the Orb.
     0 | D:1      | Reached XP level 1. HP: 19/19 MP: 0/0
   170 | D:1      | Reached XP level 2. HP: 27/27 MP: 1/1
   333 | D:1      | Reached skill level 3 in Long Blades
   333 | D:1      | Reached XP level 3. HP: 31/33 MP: 2/2
  1124 | D:2      | Noticed Terence
  1128 | D:2      | Killed Terence
  1128 | D:2      | Reached XP level 4. HP: 40/40 MP: 3/3
  1377 | D:2      | Found a shimmering altar of Xom.
  1591 | D:2      | Reached skill level 4 in Long Blades
  2020 | D:3      | Reached XP level 5. HP: 46/46 MP: 4/4
  2576 | D:3      | Reached skill level 5 in Long Blades
  2858 | D:2      | Found a shattered altar of Ashenzari.
  2936 | D:4      | Reached skill level 5 in Shields
  3028 | D:4      | Noticed an ogre
  3043 | D:4      | Killed an ogre
  3043 | D:4      | Reached skill level 5 in Armour
  3043 | D:4      | Reached XP level 6. HP: 53/53 MP: 5/5
  3459 | D:4      | Reached skill level 6 in Long Blades
  3640 | D:4      | Found a staircase to the Ecumenical Temple.
  3655 | Temple   | Entered the Ecumenical Temple
  3785 | D:4      | Reached XP level 7. HP: 51/60 MP: 6/6
  4109 | D:4      | Found an iron altar of Okawaru.
  4110 | D:4      | Found a snail-covered altar of Cheibriados.
  4113 | D:4      | Reached skill level 7 in Long Blades
  4540 | D:5      | Entered Level 5 of the Dungeon
  4565 | D:5      | Noticed Ijyb
  4574 | D:4      | Killed Ijyb
  4788 | D:5      | Found Lamixiut's Distillery.
  4927 | D:5      | Noticed Eustachio
  4948 | D:5      | Reached skill level 8 in Long Blades
  4959 | D:5      | Killed Eustachio
  4959 | D:5      | Reached skill level 5 in Fighting
  4959 | D:5      | Reached XP level 8. HP: 48/68 MP: 7/7
  5290 | D:4      | Reached skill level 9 in Long Blades
  6339 | D:6      | Reached skill level 10 in Long Blades
  6399 | D:6      | Found a basalt altar of Yredelemnul.
  6472 | D:6      | Reached skill level 1 in Evocations
  6499 | D:6      | Reached XP level 9. HP: 74/74 MP: 8/8
  7322 | D:6      | Found a runed translucent door.
  7323 | D:6      | Noticed Crazy Yiuf
  7452 | D:6      | Killed Crazy Yiuf
  7520 | D:7      | Found an ornate altar of the Wu Jian Council.
  7528 | D:7      | Noticed Maggie
  7559 | D:7      | Killed Maggie
  7559 | D:7      | Reached skill level 11 in Long Blades
  7590 | D:7      | Found a sand-covered staircase.
  7595 | Ossuary  | Entered an ossuary
  8204 | D:7      | Noticed Joseph
  8216 | D:7      | Killed Joseph
  8216 | D:7      | Reached skill level 12 in Long Blades
  8306 | D:7      | Noticed a moth of wrath
  8309 | D:7      | Found a bloodstained altar of Trog.
  8840 | D:7      | Found the +2 ratskin cloak {+Rats rPois rN+ Str-1 Int-1
                  | Dex+1}
  9097 | D:7      | Upgraded the game from 0.25.0-10-g039870ee82 to
                  | 0.25.0-11-g1f837a76a1
  9121 | D:8      | Reached XP level 10. HP: 83/84 MP: 11/11
  9474 | D:8      | Found an opulent altar of Gozag.
  9510 | D:8      | Found Ybbad's Gadget Shop.
  9753 | D:8      | Found Goarphay's Food Emporium.
  9821 | D:8      | Paralysed by a hornet for 3 turns
 10042 | D:8      | Found Qigapu's Assorted Antiques.
 10049 | D:8      | Bought a scroll of identify for 40 gold pieces
 10049 | D:8      | Bought a scroll of identify for 40 gold pieces
 10049 | D:8      | Bought a scroll labeled XIREFRE NAICK for 20 gold pieces
 10049 | D:8      | Bought an ivory wand for 80 gold pieces
 10049 | D:8      | Bought a sharpened wooden wand for 80 gold pieces
 10059 | D:8      | Found Wialah's Food Emporium.
 10351 | D:8      | Found a glowing silver altar of Zin.
 10572 | D:9      | Reached skill level 13 in Long Blades
 10840 | D:9      | Found a white marble altar of Elyvilon.
 10976 | D:9      | Found a staircase to the Lair.
 11235 | D:9      | Found a staircase to the Orcish Mines.
 11541 | D:9      | Noticed a two-headed hydra
 11576 | D:9      | Killed a two-headed hydra
 11576 | D:9      | Reached skill level 14 in Long Blades
 11576 | D:9      | Reached skill level 5 in Evocations
 11576 | D:9      | Reached XP level 11. HP: 56/95 MP: 13/13
 11799 | D:9      | Found an ancient bone altar of Kikubaaqudgha.
 11957 | D:9      | Found Wyuc's Assorted Antiques.
 12173 | D:10     | Entered Level 10 of the Dungeon
 12376 | D:10     | Noticed Sonja
 12409 | D:10     | Asphyxiated

Illustrated notes

Levels and vault maps discovered:
D:1:      psy_arrival_terrarium, layout_basic, minmay_misc_feat_columns
D:2:      layout_loops_ring, lemuel_round_altar, nicolae_overflow_hidden_temple,
          grunt_decor_mini_mirrors, uniq_terence
D:3:      layout_loops_cross, first_ration
D:4:      layout_basic, grunt_temple_overflow_open,
          minmay_temple_entry_antechambers
D:5:      lemuel_castle_with_subvaults [lemuel_castle_interior_carwin_2],
          layout_gridville, serial_shops, nicolae_shop_trees, uniq_ijyb,
          uniq_eustachio
D:6:      layout_basic, nicolae_overflow_crystal_walls, uniq_crazy_yiuf_cottage
D:7:      wander_guarded_unrand_ratskin, layout_basic, tgw_trog,
          old_standard_altar, enter_ossuary_2, uniq_maggie, uniq_joseph
D:8:      layout_loops_ring, lemuel_coloured_pillars_altar,
          grunt_gozag_breadcrumbs, serial_shops, shop, kennysheep_mini,
          nicolae_shop_waterfront, nicolae_shop_waterfront
D:9:      layout_irregular_city, kennysheep_vampire_church, elyvilon_altar_4,
          lair_entry_dummy, serial_shops, shop, hangedman_ranch
          [blue_anna_fruit_fields]
D:10:     layout_roguey, uniq_sonja
Temple:   pf_slimified_temple

Skill      XL: |  1  2  3  4  5  6  7  8  9 10 |
---------------+-------------------------------+-----
Shields        | 4 5 6 7 8 |  8.1
Armour         | 4 5 6 7 8 |  8.1
Fighting       | 4 5 6 8 |  8.8
Long Blades    | 3 4 5 6 8 10 12 14 | 14.3
Evocations     | 1 3 5 |  5.2

Action                   |  1- 3 |  4- 6 |  7- 9 | 10-12 || total
-------------------------+-------+-------+-------+-------++-------
Melee: Long sword        |    92 |   145 |   679 |   410 ||  1326
       Headbutt          |    13 |    29 |   151 |    94 ||   287
Evoke: Wand              |       |       |       |     9 ||     9
  Use: Potion            |     1 |       |     2 |     1 ||     4
       Scroll            |       |     7 |    13 |     2 ||    22
  Eat: Chunk             |     1 |     8 |    14 |     9 ||    32
       Ration            |       |       |     1 |     2 ||     3
Armor: Scale mail        |    41 |    29 |       |       ||    70
       Chain mail        |       |    32 |   307 |    99 ||   438
       Skin              |       |       |    10 |       ||    10
Dodge: Dodged            |    37 |    29 |   124 |    43 ||   233
       Repelled          |       |     3 |     1 |     2 ||     6
Block: Kite shield       |    49 |    88 |   396 |   249 ||   782
       Reflection        |       |       |       |     5 ||     5
       Rpst.: Long sword |     8 |     8 |    38 |     8 ||    62
